Map: [ESL] Radhuset Station

Players

FoxeR

  • Race: Terran Terran
  • Spawn Location: 1:00

SHIN - Winner!

  • Race: Zerg Zerg
  • Spawn Location: 7:00

Event: ESL SC2 Masters 2023 Winter (Finals)

VOD

Have the link to the VOD?

Description

Time

  • Played on: Dec. 15, 2023, 11:35 a.m.
  • Length: 11:46

All games in this series

Show
View Real Time Build Order
Export as new Build Order

FoxeR Terran 

Build Orders: Reaper Expand 

Get SALT Encoding   

  12  0:00  SCV  
  13  0:12  SCV  
  14  0:17  Supply Depot  
  14  0:24  SCV  
  15  0:39  SCV  
  15  0:40  Barracks  
  16  0:43  Refinery  
  16  0:51  SCV  
  18  1:04  SCV  
  18  1:16  SCV  
  19  1:27  Reaper  
  19  1:28  Orbital Command  
  20  1:44  Command Center  
  20  1:54  Supply Depot, SCV  
  21  1:59  Marine  
  22  2:06  SCV  
  23  2:11  Factory  
  23  2:18  SCV  
  23  2:20  Barracks Reactor  
  24  2:31  SCV  
  26  2:45  SCV  
  26  2:46  Command Center  
  26  2:57  Orbital Command  
  26  2:59  SCV  
  29  3:09  Cyclone  
  29  3:11  Cyclone  
  31  3:14  SCV  
  32  3:25  SCV  
  33  3:30  SCV, Refinery  
  34  3:36  Starport  
  34  3:37  SCV  
  35  3:42  SCV  
  35  3:45  Hellion x2  
  40  3:48  Barracks Tech Lab  
  40  3:49  SCV  
  40  3:54  SCV  
  41  3:59  Orbital Command  
  41  4:01  SCV  
  42  4:05  Supply Depot  
  42  4:06  SCV  
  42  4:09  Hellion  
  47  4:10  Hellion  
  47  4:14  SCV  
  48  4:19  Liberator  
  48  4:21  SCV  
  52  4:26  Supply Depot, SCV  
  52  4:27  Orbital Command  
  53  4:32  Stimpack, Hellion x2, Marine  
  53  4:33  SCV  
  53  4:38  SCV  
  60  4:45  SCV  
  60  4:46  Barracks  
  60  4:49  Barracks  
  60  4:50  SCV  
  62  4:55  Refinery x2  
  62  4:57  SCV  
  63  5:00  SCV  
  63  5:02  SCV  
  63  5:03  Marine  
  63  5:04  Starport Reactor  
  63  5:05  Supply Depot  
  66  5:09  Factory Tech Lab  
  66  5:10  SCV  
  67  5:15  SCV  
  67  5:20  Engineering Bay  
  67  5:21  SCV, Marine, Engineering Bay  
  69  5:22  SCV  
  69  5:24  Supply Depot  
  71  5:32  SCV  
  71  5:33  SCV  
  73  5:37  Siege Tank  
  73  5:38  Marine  
  69  5:46  Barracks  
  69  5:47  Barracks  
  69  5:49  Marine x2  
  68  5:54  SCV  
  68  5:55  Starport Reactor  
  68  5:56  Marine x2, Engineering Bay  
  68  5:58  Marine  
  68  5:59  SCV  
  68  6:00  SCV  
  67  6:07  Marine x2  
  67  6:09  Siege Tank  
  72  6:13  SCV  
  72  6:14  Marine x2  
  72  6:16  SCV x2, Marine  
  66  6:24  Terran Infantry Weapons Level 1, Terran Infantry Armor Level 1  
  66  6:25  SCV, Marine x2  
  67  6:28  SCV x2  
  67  6:31  Marine  
  67  6:32  Marine  
  73  6:35  Marine  
  73  6:36  Medivac x2  
  73  6:37  Barracks Reactor x2  
  73  6:38  SCV  
  79  6:40  SCV x2  
  79  6:41  Combat Shield  
  79  6:43  Marine  
  79  6:46  Supply Depot  
  82  6:50  SCV  
  82  6:52  SCV  
  82  6:53  Bunker, SCV  
  82  6:54  Marine  
  86  6:56  Marine x3  
  86  7:01  Siege Tank  
  92  7:02  SCV  
  92  7:08  SCV x2, Marine  
  96  7:09  Supply Depot x2  
  96  7:11  Marine  
  96  7:12  Armory  
  96  7:13  Supply Depot  
  96  7:14  SCV, Marine  
  99  7:17  Marine x2  
  99  7:19  Marine x2, Medivac  
  99  7:21  SCV  
  103  7:26  Marine x3  
  103  7:27  SCV x2  
  108  7:33  Marine  
  108  7:36  Supply Depot  
  108  7:37  Marine x3  
  109  7:38  Siege Tank  
  109  7:39  SCV  
  109  7:41  Factory  
  115  7:45  Marine x3  
  115  7:49  Marine  
  115  7:50  Marine  
  115  7:51  Medivac  
  122  7:52  SCV x2  
  122  7:56  Marine  
  122  7:57  Supply Depot  
  125  8:00  Marine, SCV  
  125  8:02  Marine  
  125  8:04  Marine, SCV, Supply Depot  
  130  8:07  Marine x2  
  132  8:14  Missile Turret x2  
  132  8:15  Missile Turret  
  132  8:16  Missile Turret  
  132  8:22  Marine x2  
  132  8:24  Marine x2  
  132  8:26  Marine  
  119  8:28  Marine  
  119  8:32  Marine x2  
  120  8:35  SCV  
  120  8:37  Factory Tech Lab  
  120  8:38  Command Center, Marine  
  120  8:40  Marine  
  122  8:43  Marine  
  122  8:44  Marine x2  
  122  8:46  SCV  
  125  8:58  Marine  
  125  8:59  Siege Tank, Refinery  
  125  9:00  Marine x3  
  125  9:02  Refinery  
  132  9:04  Missile Turret  
  132  9:07  Missile Turret, Marine x2  
  132  9:11  Medivac  
  132  9:15  SCV x2  
  132  9:16  Marine x2, Medivac  
  139  9:20  Marine  
  139  9:21  Terran Vehicle Weapons Level 1  
  139  9:41  Medivac  
  141  9:47  SCV x3  
  141  9:51  Thor x2  
  150  9:53  Medivac  
  150  9:54  Marine x4  
  156  10:00  SCV x2  
  156  10:02  Marine  
  156  10:05  Marine  
  156  10:06  Marine x3  
  163  10:13  Missile Turret, SCV x2  
  165  10:15  Missile Turret x2  
  165  10:18  Command Center, Marine x2  
  167  10:27  Sensor Tower, Supply Depot, Marine  
  167  10:28  Missile Turret, Supply Depot  
  168  10:33  Engineering Bay x2  
  168  10:34  SCV x2  
  163  10:43  Marine x6  
  163  10:47  Marine  
  169  10:51  Siege Tank  
  169  10:52  Marine x2  
  169  10:53  Siege Tank  
  169  10:55  SCV x2  
  169  10:56  SCV  
  180  11:03  Marine  
  179  11:07  SCV  
  156  11:11  Marine  
  156  11:13  Marine x7  
  129  11:22  Marine  
Show
View Real Time Build Order
Export as new Build Order

SHIN Zerg - Winner!

Build Orders: Hatch First 

Get SALT Encoding   

  12  0:00  Drone  
  13  0:08  Drone  
  13  0:13  Extractor  
  13  0:14  Drone  
  15  0:37  Hatchery  
  15  0:42  Extractor, Drone  
  14  0:49  Overlord  
  15  1:04  Spawning Pool  
  15  1:08  Drone  
  15  1:12  Drone  
  15  1:15  Drone  
  17  1:19  Drone  
  18  1:29  Drone  
  19  1:41  Drone  
  20  1:50  Queen x2  
  20  1:51  Drone  
  20  1:52  Drone  
  26  1:59  Overlord  
  26  2:02  Drone  
  27  2:10  Drone  
  28  2:20  Hatchery  
  27  2:24  Drone  
  27  2:25  Drone  
  27  2:27  Drone  
  30  2:34  Queen  
  32  2:39  Overlord  
  32  2:43  Drone x2  
  34  2:46  Drone  
  34  2:48  Extractor  
  34  2:56  Drone x2  
  36  3:01  Drone x4  
  36  3:05  Drone x2  
  42  3:09  Overlord  
  42  3:13  Queen  
  44  3:26  Queen  
  46  3:27  Drone x2, Overlord  
  46  3:29  Drone  
  46  3:31  Drone  
  46  3:34  Drone  
  51  3:38  Queen  
  51  3:40  Drone  
  54  3:41  Drone  
  54  3:47  Zergling x6  
  58  3:54  Metabolic Boost  
  57  3:55  Drone  
  57  3:57  Zergling x2  
  57  3:58  Drone  
  57  4:00  Drone  
  60  4:04  Drone x4  
  60  4:08  Overlord  
  64  4:12  Queen  
  64  4:14  Overlord  
  64  4:17  Extractor  
  65  4:18  Drone  
  65  4:19  Overlord  
  66  4:25  Queen  
  66  4:26  Drone x3  
  66  4:29  Drone x2  
  73  4:32  Drone  
  73  4:38  Roach Warren  
  73  4:41  Lair  
  73  4:42  Zergling x6  
  76  4:46  Zergling x8  
  80  4:53  Zergling x10  
  80  4:54  Extractor  
  80  4:56  Overlord  
  80  4:59  Zergling x4  
  86  5:00  Zergling x2  
  86  5:03  Overlord  
  87  5:11  Overlord  
  87  5:12  Overlord  
  87  5:15  Overlord  
  87  5:16  Zergling x6  
  90  5:21  Zergling x4  
  90  5:22  Zergling x2  
  90  5:24  Drone  
  90  5:25  Drone x2  
  96  5:29  Drone x3  
  96  5:33  Extractor  
  96  5:34  Extractor  
  97  5:37  Drone x3  
  94  5:44  Glial Reconstitution  
  94  5:46  Drone x2  
  96  5:51  Drone  
  96  5:52  Extractor  
  96  5:55  Drone x5  
  100  5:57  Drone x2  
  100  5:59  Drone x2, Hatchery  
  100  6:01  Drone x3  
  99  6:11  Drone x3  
  99  6:18  Evolution Chamber x2  
  92  6:21  Zergling x6  
  94  6:27  Spire  
  94  6:29  Baneling Nest  
  94  6:31  Zergling x4  
  94  6:32  Roach  
  102  6:33  Roach x3  
  102  6:42  Zergling x2  
  102  6:43  Zergling x10  
  102  6:44  Zerg Melee Weapons Level 1, Zerg Ground Armor Level 1  
  108  6:48  Overlord  
  108  6:51  Drone x2  
  110  6:55  Spore Crawler x2  
  110  6:56  Drone, Overlord  
  110  6:57  Overlord  
  109  7:02  Drone x3  
  110  7:17  Drone x2  
  110  7:21  Drone x2  
  112  7:24  Overlord  
  112  7:31  Drone  
  112  7:32  Drone  
  114  7:38  Drone  
  114  7:39  Mutalisk x14  
  114  7:42  Extractor  
  142  7:47  Zergling x4  
  144  7:52  Baneling x8  
  144  7:56  Zergling x8  
  148  8:00  Drone x4  
  148  8:02  Hatchery  
  148  8:03  Zergling x2  
  148  8:05  Overlord x4  
  152  8:09  Overlord  
  152  8:12  Overlord  
  151  8:14  Zerg Flyer Weapons Level 1  
  151  8:21  Zergling x2  
  151  8:27  Zergling x26  
  164  8:39  Mutalisk x7  
  178  8:41  Drone  
  178  8:42  Drone x3  
  178  8:48  Baneling x4  
  182  8:51  Baneling x7  
  182  8:59  Drone x6  
  188  9:06  Hatchery  
  188  9:07  Zerg Melee Weapons Level 2  
  188  9:09  Zerg Ground Armor Level 2  
  187  9:11  Overlord  
  187  9:13  Overlord  
  187  9:15  Zergling x4  
  187  9:18  Extractor  
  187  9:21  Pneumatized Carapace  
  186  9:25  Zergling x14  
  186  9:30  Infestation Pit  
  192  9:38  Mutalisk  
  192  9:39  Mutalisk x2  
  192  9:43  Extractor  
  192  9:44  Baneling x6  
  197  9:53  Spine Crawler  
  197  9:54  Overseer x3  
  197  9:55  Overseer  
  197  9:57  Zergling x8  
  200  10:12  Hive  
  198  10:16  Zergling x4  
  199  10:26  Baneling x17  
  199  10:36  Spine Crawler  
  199  10:39  Zergling x36, Spore Crawler  
  198  10:53  Zergling x4  
  200  11:01  Zergling x2  
  184  11:15  Zergling x2  
  184  11:16  Zergling x62  
  196  11:25  Zergling x20  
Tags
 
Add a new tag
Caveats
  • Supply blocks, unpowered buildings, or Contaminate may cause inaccurate times.
  • Supply counts are checked every 10 seconds.